 Dungeon Crawl Stone Soup version 0.25-a0-253-g6f1b5d974a (webtiles) character file.

Game seed: 13254777934301349876, levelgen mode: deterministic

5846 Flugkiller the Jinx (level 10, -2/64 HPs)
             Began as a Deep Elf Wanderer on Dec 5, 2019.
             Was a Priest of Fedhas.
             Slain by a komodo dragon (28 damage)
             ... on level 1 of the Lair of Beasts.
             The game lasted 00:33:12 (14039 turns).

Flugkiller the Jinx (Deep Elf Wanderer)            Turns: 14039, Time: 00:33:13

Health: -2/64      AC:  6    Str: 10    XL:     10   Next: 51%
Magic:  5/23       EV: 15    Int: 28    God:    Fedhas [***...]
Gold:   409        SH:  0    Dex: 12    Spells: 15/23 levels left

rFire    . . .     SeeInvis .   b - +11 morningstar of the Hidden Vale {vamp, +Blink}
rCold    . . .     Gourm    .   (no shield)
rNeg     + . .     Faith    .   r - +0 leather armour {rPois}
rPois    +         Spirit   .   j - +0 helmet
rElec    .         Reflect  .   k - +0 cloak
rCorr    .         Harm     .   w - +0 pair of gloves
MR       +....                  (no boots)
Stlth    ++........             m - amulet of the acrobat
HPRegen  0.20/turn              B - ring of positive energy
MPRegen  0.18/turn              K - +6 ring of intelligence

@: no status effects
A: no striking features
a: Wall of Briars, Grow Ballistomycete, Renounce Religion, Evoke Blink


You were on level 1 of the Lair of Beasts.
You worshipped Fedhas.
Fedhas was most pleased with you.
You were not hungry.

You visited 2 branches of the dungeon, and saw 10 of its levels.

You collected 409 gold pieces.

Inventory:

Hand Weapons
 a - a +2 hand crossbow
 b - the +11 morningstar of the Hidden Vale (weapon) {vamp, +Blink}
   (You found it on level 7 of the Dungeon)

   It inflicts no extra harm, but heals its wielder when it wounds a living foe.
   It lets you blink.
 D - a +0 dagger
 H - the +4 spear of Uzukhlut {pierce, Str-3 Int+5 SInv}
   (You found it on level 6 of the Dungeon)

   It inflicts extra damage upon your enemies.
   It affects your strength (-3).
   It affects your intelligence (+5).
   It lets you see invisible.
Missiles
 e - 61 bolts
 h - 84 arrows
 t - 33 poisoned darts (quivered)
 F - 4 throwing nets
Armour
 j - a +0 helmet (worn)
   (You found it on level 1 of the Dungeon)
 k - a +0 cloak (worn)
   (You found it on level 4 of the Dungeon)
 r - a +0 leather armour of poison resistance (worn)
   (You took it off an orc on level 9 of the Dungeon)
 w - a +0 pair of gloves (worn)
   (You found it on level 3 of the Dungeon)
Jewellery
 g - an uncursed ring of fire
   (You found it on level 4 of the Dungeon)
 m - an amulet of the acrobat (around neck)
   (You found it on level 2 of the Dungeon)
 B - a ring of positive energy (left hand)
   (You found it on level 6 of the Dungeon)
 C - an uncursed ring of protection from magic
   (You took it off an orc on level 9 of the Dungeon)
 G - an uncursed amulet of faith {unknown}
   (You found it on level 7 of the Dungeon)
 K - a +6 ring of intelligence (right hand)
   (You found it on level 9 of the Dungeon)
Wands
 y - a wand of digging (6)
   (You found it on level 4 of the Dungeon)
 J - a wand of clouds (5)
   (You took it off an orc on level 8 of the Dungeon)
Scrolls
 c - 4 scrolls of teleportation
 i - a scroll of enchant armour {unknown}
 l - a scroll of enchant weapon
 o - 5 scrolls of remove curse
 v - 2 scrolls of fog
 z - a scroll of fear
 A - a scroll of acquirement
 E - a scroll of amnesia {unknown}
 I - a scroll of immolation {unknown}
Potions
 n - a potion of resistance
 p - 2 potions of lignification
 q - a potion of cancellation
 s - 3 potions of flight
 u - 2 potions of brilliance
 M - a potion of berserk rage
Comestibles
 d - 11 chunks of flesh
 f - 17 rations


   Skills:
 - Level 8.0 Fighting
 - Level 4.0 Crossbows
 - Level 8.0 Dodging
 - Level 3.1 Stealth
   Level 1.0 Shields
 + Level 7.4 Spellcasting
 - Level 1.0 Conjurations
 - Level 10.0 Hexes
 - Level 1.0 Translocations
 - Level 1.0 Fire Magic
 - Level 5.0 Invocations


You had 15 spell levels left.
You knew the following spells:

 Your Spells              Type           Power        Failure   Level  Hunger
b - Conjure Flame         Conj/Fire      ###.....     14%         3    None
c - Confuse               Hex            ######..     1%          3    None
r - Blink                 Tloc           N/A          7%          2    None

Your spell library contained the following spells:

 Spells                   Type           Power        Failure   Level  Hunger
 Corona                   Hex            ######.      1%          1    None
 Ensorcelled Hibernation  Hex/Ice        #####.       1%          2    None
 Slow                     Hex            ######..     1%          2    None
 Tukima's Dance           Hex            ######..     1%          3    None
 Dazzling Flash           Conj/Hex       #####.       2%          3    None
 Magic Dart               Conj           ###.         4%          1    None
 Call Imp                 Summ           ##......     11%         2    None
 Mephitic Cloud           Conj/Pois/Air  ##......     19%         3    None
 Bolt of Magma            Conj/Fire/Erth ##........   83%         5    ####...
 Iskenderun's Battlesphe  Conj/Chrm      ##......     85%         5    ####...
 Iron Shot                Conj/Erth      ##........   100%        6    ######.
 Orb of Destruction       Conj           ###.......   100%        7    #######
 Spellforged Servitor     Conj/Summ      ##........   100%        7    #######


Dungeon Overview and Level Annotations

Branches:
Dungeon (9/15)             Temple (0/1) D:7            Lair (1/6) D:9
    Orc (0/2) D:9

Altars:
Ashenzari
Elyvilon
Fedhas
Gozag
Kikubaaqudgha
Makhleb
Qazlal
Yredelemnul
The Shining One
Beogh

Shops:
D:9 [

Annotations:
D:3 3 runed translucent doors, Nico3ck's ghost, amateur DsSk
D:6 exclusion: centaur, Menkaure


Message History

Training target 10.0 for Hexes reached!
Your Hexes skill increases to level 10!
The blink frog dies!
Casting: Confuse (safe; 1% risk of failure)
Confirm with . or Enter, or press ? or * to list all spells.
The fire begins to smolder!
The blink frog blinks!
The fire ignites!
Unknown command.
Casting: Conjure Flame (safe; 14% risk of failure)
Confirm with . or Enter, or press ? or * to list all spells.
Aiming: Confuse (safe; 1% risk of failure)
Press: ? - help, Shift-Dir - straight line, f - blink frog
Aim: a blink frog (chance to defeat MR: 61%)
The blink frog appears confused.
You puncture the blink frog!
You feel better.
The blink frog is heavily wounded.
You hear the beating of a very distant drum.
The blink frog is engulfed in blazing flames.
The blink frog completely misses you.
The blink frog is engulfed in blazing flames.
You kill the blink frog!
Fedhas accepts your kill.
Your Spellcasting skill increases to level 7!
Casting: Confuse (safe; 1% risk of failure)
Confirm with . or Enter, or press ? or * to list all spells.
Aiming: Confuse (safe; 1% risk of failure)
Press: ? - help, Shift-Dir - straight line, f - komodo dragon
Aim: a komodo dragon (chance to defeat MR: 61%)
The komodo dragon resists with significant effort.
Unknown command.
You hit the komodo dragon.
The komodo dragon is lightly wounded.
The komodo dragon is engulfed in blazing flames.
The komodo dragon bites you!!
The blink frog blinks!
The komodo dragon is engulfed in blazing flames.
The komodo dragon closely misses you.
You closely miss the komodo dragon.
The komodo dragon is heavily wounded.
The komodo dragon is engulfed in blazing flames.
The komodo dragon bites you!
* * * LOW HITPOINT WARNING * * *
Okay, then.
Unknown command.
The komodo dragon hisses menacingly.
The blink frog blinks!
The komodo dragon barely misses you.
A briar patch grows up from the ground. x7; You feel slightly more hungry.
The komodo dragon bites you!!
You die...
Fedhas appreciates your contribution to the ecosystem.

....§...).## *,*
...l.......* *#.#
..........#* *##..#
.........F* ####....#
.........#*
###.......### ...§...F.*
##...........#
........#*
#...........#*
....[...####...PPP.....#
.........F.....l@P.....#
.......#####...PPP.....#
......#* ##..........##
...#.#* #.##.........#
.#*##* ######.....### **
##....# *##..# *#.# *
*##


You could see a komodo dragon and a blink frog.

Vanquished Creatures
  A two-headed ogre (D:8)
  A spiny frog (Lair:1)
  A komodo dragon (D:9)
  A blink frog (Lair:1)
  A hippogriff (D:7)
  A basilisk (Lair:1)
  2 water moccasins
  A porcupine (Lair:1)
  Duvessa (D:5)
  An orc warrior (D:8)
  An ice beast (D:6)
  3 sky beasts
  A black bear (D:8)
  2 phantoms
  2 ogres (D:6)
  A necrophage (D:7)
  A centaur (D:8)
  5 bullfrogs
  3 gnoll sergeants
  Dowan (D:5)
  5 scorpions
  8 howler monkeys
  2 crimson imps
  A jelly (D:7)
  10 orc priests
  A centaur zombie (D:8)
  5 hounds
  A bullfrog skeleton (D:9)
  6 orc wizards
  A gnoll shaman (D:4)
  Terence (D:3)
  2 iguanas
  2 worker ants
  Natasha (thrice) (D:3)
  A killer bee zombie (D:6)
  A hound skeleton (D:4)
  17 gnolls
  14 adders
  3 shadow imps
  An ooze (D:4)
  2 worms (D:2)
  3 adder skeletons
  6 leopard geckos
  37 orcs
  2 ball pythons
  15 giant cockroaches
  2 gnoll zombies (D:7)
  3 goblins
  7 hobgoblins
  4 jackals (D:4)
  3 quokkas
  11 bats
  3 frilled lizards
  4 kobolds
  A leopard gecko zombie (D:7)
  A quokka skeleton (D:7)
  7 rats
227 creatures vanquished.

Vanquished Creatures (others)
  A blink frog (Lair:1)
  A fungus (Lair:1)
  2 plants (D:9)
4 creatures vanquished.

Grand Total: 231 creatures vanquished

Notes
Turn   | Place    | Note
-------+----------+-------------------------------------------
     0 | D:1      | Flugkiller the Deep Elf Wanderer began the quest for the
                  | Orb.
     0 | D:1      | Flugkiller set off with the following items: a +2 hand
                  | crossbow, 26 bolts, 2 scrolls of teleportation, a +0 robe,
                  | a +0 dagger, a ration
     0 | D:1      | Reached XP level 1. HP: 15/15 MP: 3/3
   583 | D:1      | Reached XP level 2. HP: 14/20 MP: 4/4
  1298 | D:2      | Reached XP level 3. HP: 24/24 MP: 5/5
  2181 | D:2      | Reached XP level 4. HP: 29/29 MP: 6/6
  2706 | D:3      | Noticed Natasha
  2712 | D:3      | Killed Natasha
  2712 | D:3      | Reached skill level 5 in Dodging
  2818 | D:3      | Found a faded altar of an unknown god.
  2837 | D:3      | Became a worshipper of Elyvilon the Healer
  2837 | D:3      | Reached * piety under Elyvilon
  2981 | D:3      | Noticed Terence
  2987 | D:3      | Killed Terence
  2987 | D:3      | Reached skill level 1 in Invocations
  2987 | D:3      | Reached XP level 5. HP: 32/33 MP: 7/7
  3005 | D:3      | Noticed Natasha
  3016 | D:3      | Killed Natasha
  3040 | D:3      | Found a runed translucent gate.
  3041 | D:3      | Found a runed translucent gate.
  3041 | D:3      | Noticed Nico3ck's ghost (amateur DsSk)
  3042 | D:3      | Found a runed translucent gate.
  3043 | D:3      | Identified the +0 dagger "Dodam" {flame, *Slow Str+4 Dex+2}
  3043 | D:3      | Identified the cursed +0 scale mail of Duigh {rPois rC-
                  | rCorr}
  3044 | D:3      | Found a roughly hewn altar of Beogh.
  3251 | D:3      | Noticed Natasha
  3264 | D:3      | Killed Natasha
  3529 | D:3      | Reached XP level 6. HP: 20/38 MP: 8/10
  4625 | D:4      | HP: 1/39 [scorpion (6)]
  5012 | D:4      | Reached skill level 5 in Fighting
  5159 | D:4      | Reached XP level 7. HP: 44/44 MP: 10/12
  5234 | D:4      | Found a blossoming altar of Fedhas.
  5235 | D:4      | Found an ancient bone altar of Kikubaaqudgha.
  5308 | D:4      | Reached ** piety under Elyvilon
  5340 | D:4      | Fell from the grace of Elyvilon
  5340 | D:4      | Became a worshipper of Fedhas Madash
  5808 | D:3      | Reached skill level 5 in Invocations
  7000 | D:5      | Entered Level 5 of the Dungeon
  7219 | D:5      | Noticed Duvessa
  7428 | D:5      | Noticed Dowan
  7565 | D:5      | Reached XP level 8. HP: 45/49 MP: 13/13
  7829 | D:6      | Reached * piety under Fedhas
  7935 | D:6      | Noticed Menkaure
  8394 | D:5      | Killed Duvessa
  8490 | D:5      | Killed Dowan
  8803 | D:6      | Got a warped spear
  8903 | D:6      | Identified the +4 spear of Uzukhlut {pierce, Str-3 Int+5
                  | SInv} (You found it on level 6 of the Dungeon)
  9364 | D:7      | Found a staircase to the Ecumenical Temple.
  9387 | D:7      | Learned a level 3 spell: Confuse
  9529 | D:6      | Reached skill level 1 in Spellcasting
  9529 | D:6      | Reached skill level 1 in Hexes
  9649 | D:6      | Reached skill level 2 in Hexes
  9943 | D:7      | Reached XP level 9. HP: 49/55 MP: 13/15
  9957 | D:7      | Reached skill level 3 in Hexes
 10498 | D:7      | Reached skill level 4 in Hexes
 10778 | D:7      | Found a stormy altar of Qazlal.
 10809 | D:7      | Found an opulent altar of Gozag.
 10823 | D:7      | Found a white marble altar of Elyvilon.
 10828 | D:7      | Found a glowing golden altar of the Shining One.
 10899 | D:7      | Got a jewelled morningstar
 10901 | D:7      | Identified the +11 morningstar of the Hidden Vale {vamp,
                  | +Blink} (You found it on level 7 of the Dungeon)
 11017 | D:7      | Found a basalt altar of Yredelemnul.
 11048 | D:8      | Noticed a two-headed ogre
 11060 | D:7      | Reached ** piety under Fedhas
 11244 | D:8      | Killed a two-headed ogre
 11244 | D:8      | Reached skill level 6 in Hexes
 11413 | D:8      | Reached skill level 7 in Hexes
 11583 | D:8      | Reached skill level 8 in Hexes
 11725 | D:8      | Reached XP level 10. HP: 59/63 MP: 18/18
 11934 | D:8      | Learned a level 2 spell: Blink
 11938 | D:8      | Learned a level 3 spell: Conjure Flame
 11959 | D:9      | Found a burning altar of Makhleb.
 12415 | D:9      | Found a staircase to the Lair.
 12421 | D:9      | Found a shattered altar of Ashenzari.
 12616 | D:9      | Found Wimoi's Antique Armour Emporium.
 12693 | D:9      | Reached skill level 1 in Fire Magic
 12708 | D:9      | Reached skill level 1 in Conjurations
 12708 | D:9      | Reached skill level 1 in Translocations
 12722 | D:9      | Reached *** piety under Fedhas
 12903 | D:9      | Found a staircase to the Orcish Mines.
 13220 | D:9      | Reached skill level 9 in Hexes
 13328 | D:9      | Reached skill level 5 in Spellcasting
 13986 | Lair:1   | Entered Level 1 of the Lair of Beasts
 13986 | Lair:1   | Noticed a spiny frog
 13992 | Lair:1   | Identified a scroll of acquirement
 14023 | Lair:1   | Killed a spiny frog
 14025 | Lair:1   | Reached skill level 10 in Hexes
 14039 | Lair:1   | Slain by a komodo dragon

Levels and vault maps discovered:
D:1:      scummos_arrival_simple_crosswalls, layout_loops_ring,
          minmay_misc_feat_encased, minmay_misc_feat_four_crosses
D:2:      layout_rooms, hex_intersection, minmay_worlds_worst_comb
D:3:      layout_loops_ring, biasface_ghost_orc_armoury,
          chequers_ecumenical_altar_lobes, serial_forest,
          infiniplex_forest_end_2, infiniplex_forest_clump_long,
          infiniplex_forest_corner_1, infiniplex_forest_lined_ring,
          infiniplex_forest_corner_1, infiniplex_forest_clump_cross,
          infiniplex_forest_end_1, first_ration, kennysheep_generic_room_13,
          uniq_terence, uniq_natasha
D:4:      layout_cave_pools, grunt_temple_overflow_growth_and_decay,
          lemuel_blue_sif_altar
D:5:      layout_basic, uniq_duvessa
D:6:      layout_loops_corners, kennysheep_generic_room_5, uniq_menkaure
D:7:      layout_cave_pools, lemuel_zombie_altar_yredelemnul,
          grunt_temple_overflow_cloverleaf, minmay_temple_entry_offerings
D:8:      layout_cave_pools
D:9:      layout_irregular_city, nicolae_overflow_hidden_temple,
          david_lair_shrubbed, david_orc_3, basic_altar, serial_shops,
          nicolae_shop_overgrown_old_shop
Lair:1:   beast_lair_carwin_large_2, layout_cave_pods, gauntlet_entry_generic

Skill      XL: |  1  2  3  4  5  6  7  8  9 10 |
---------------+-------------------------------+-----
Stealth        | 3 |  3.1
Dodging        | 3 4 5 8 |  8.0
Invocations    | 1 3 4 5 |  5.0
Crossbows      | 2 4 |  4.0
Fighting       | 5 6 8 |  8.0
Spellcasting   | 3 4 7 |  7.4
Hexes          | 2 8 10 | 10.0
Fire Magic     | 1 |  1.0
Conjurations   | 1 |  1.0
Translocations | 1 |  1.0
Shields        | |  1.0

Action                   |  1- 3 |  4- 6 |  7- 9 | 10-12 || total
-------------------------+-------+-------+-------+-------++-------
Melee: Dagger            |   143 |   150 |    80 |       ||   373
       Unarmed           |       |     8 |     5 |       ||    13
       Spear             |       |       |   121 |       ||   121
       Morningstar       |       |       |    56 |   126 ||   182
 Fire: Hand crossbow     |    45 |   116 |   193 |    52 ||   406
 Cast: Confuse           |       |       |    16 |    12 ||    28
       Conjure Flame     |       |       |       |     3 ||     3
       Blink             |       |       |       |     1 ||     1
Invok: Lesser Healing    |       |     1 |       |       ||     1
       Wall of Briars    |       |       |     1 |     3 ||     4
  Use: Potion            |     3 |     3 |     3 |     1 ||    10
       Scroll            |     2 |       |    10 |     4 ||    16
 Stab: Sleeping          |     4 |     3 |     3 |       ||    10
       Confused          |       |       |     2 |     3 ||     5
  Eat: Chunk             |     4 |    10 |     8 |     8 ||    30
       Ration            |       |       |     4 |       ||     4
Armor: Robe              |    76 |    45 |    51 |     1 ||   173
       Skin              |       |       |     5 |       ||     5
       Leather armour    |       |       |       |    28 ||    28
Dodge: Dodged            |   156 |   169 |   303 |   134 ||   762

Table legend:
 A = Non-vault XP
 B = Vault XP
 C = Vault XP percentage of total XP
 D = Non-vault monster count
 E = Vault monster count
 F = Vault count percentage of total count
                 A         B        C        D         E       F
            +---------+---------+-------+---------+---------+-------
      Total |    7150 |    1202 |  14.4 |     205 |      23 |  10.1
            +---------+---------+-------+---------+---------+-------
        D:1 |      20 |       0 |   0.0 |      12 |       0 |   0.0
        D:2 |      85 |       8 |   8.6 |      18 |       4 |  18.2
        D:3 |     350 |      73 |  17.3 |      38 |       2 |   5.0
        D:4 |     556 |       0 |   0.0 |      27 |       0 |   0.0
        D:5 |     337 |     223 |  39.8 |      12 |       2 |  14.3
        D:6 |     448 |     343 |  43.4 |       8 |       3 |  27.3
        D:7 |    1326 |       4 |   0.3 |      26 |       2 |   7.1
        D:8 |    1916 |      46 |   2.3 |      22 |       2 |   8.3
        D:9 |     989 |     505 |  33.8 |      37 |       8 |  17.8
     Lair:1 |    1123 |       0 |   0.0 |       5 |       0 |   0.0
            +---------+---------+-------+---------+---------+-------
